 Dungeon Crawl Stone Soup version 0.18.1-48-g4cf74bf (webtiles) character file.

5701 Krovax5 the Thaumaturge (level 10, -3/46 HPs)
             Began as a Vine Stalker Air Elementalist on Aug 2, 2016.
             Was a High Priest of Sif Muna.
             Slain by an orc warrior
             ... wielding a +0 hand axe
              (7 damage)
             ... on level 10 of the Dungeon.
             The game lasted 03:05:03 (11740 turns).

Krovax5 the Thaumaturge (VSAE)                     Turns: 11740, Time: 03:05:04

Health: -3/46      AC: 14    Str: 12    XL:     10   Next: 76%
Magic:  0/23       EV: 15    Int: 18    God:    Sif Muna [*****.]
Gold:   515        SH:  4    Dex: 14    Spells: 8 memorised, 5 levels left

rFire  + . .     SeeInvis .     m - +5 mace (protect)
rCold  . . .     Gourm    .     t - +2 robe
rNeg   . . .     Faith    .     (no shield)
rPois  .         Spirit   +     A - +1 helmet
rElec  .         Dismiss  .     C - +2 cloak
rCorr  .         Reflect  +     (no gloves)
SustAt .         Harm     .     (no boots)
MR     +....                    o - +4 amulet of reflection
Stlth  +++.......               N - +3 ring of evasion
                                K - ring of protection from fire

@: repel missiles, somewhat resistant to hostile enchantments, fairly stealthy
A: fangs 3, regeneration 2, magic shield, antimagic bite, no device heal 3, rot
immunity
a: Channel Energy, Forget Spell, Renounce Religion


You were on level 10 of the Dungeon.
You worshipped Sif Muna.
Sif Muna was extremely pleased with you.
You were hungry.

You visited 2 branches of the dungeon, and saw 11 of its levels.

You collected 515 gold pieces.

Inventory:

Hand Weapons
 d - a +1 dagger
 m - a +5 mace of protection (weapon)
 x - the +8 long sword "Elirch" {pain, -Tele Str+7 Int+3 Dex+3}
   (You found it on level 10 of the Dungeon)

   In the hands of one skilled in necromantic magic, it inflicts extra damage on
   living creatures.
   It affects your strength (+7).
   It affects your intelligence (+3).
   It affects your dexterity (+3).
   It prevents most forms of teleportation.
 B - a +3 quarterstaff of chaos
 H - a +3 flail
 L - a +1 trident of flaming
 T - a cursed -3 great sword
 U - a +0 hunting sling
Missiles
 v - 7 javelins (quivered)
Armour
 a - a +1 robe
 t - a +2 robe (worn)
 A - a +1 helmet (worn)
 C - a +2 cloak (worn)
 F - a +3 leather armour of magic resistance
Jewellery
 o - a +4 amulet of reflection (around neck)
 y - an uncursed ring of resist corrosion
 K - a ring of protection from fire (left hand)
 N - a +3 ring of evasion (right hand)
Wands
 p - a wand of slowing (30/48)
 D - a wand of acid (2/15)
 I - a wand of enslavement (14/24)
 J - a wand of heal wounds (4/9)
 O - a wand of disintegration (1/24)
 Q - a wand of acid (5/15)
 S - a wand of lightning (3/15)
Scrolls
 g - 3 scrolls of amnesia
 j - 3 scrolls of teleportation
 q - a scroll of fog
 r - 3 scrolls of identify
 G - 4 scrolls of remove curse
Potions
 e - a potion of cancellation {unknown}
 f - 2 potions of flight {unknown}
 h - a potion of brilliance {unknown}
 i - 2 potions of curing
 l - 2 potions of agility {unknown}
 n - a potion of degeneration {unknown}
 u - a potion of heal wounds
 M - a potion of lignification {unknown}
 R - 2 potions of haste {unknown}
 V - a potion of might
Books
 b - a book of Air

   Spells                             Type                      Level
   a - Shock                          Conjuration/Air              1
   b - Swiftness                      Charms/Air                   2
   c - Repel Missiles                 Charms/Air                   2
   d - Static Discharge               Conjuration/Air              3
   e - Lightning Bolt                 Conjuration/Air              5
 w - a book of Debilitation

   Spells                             Type                      Level
   a - Corona                         Hexes                        1
   b - Slow                           Hexes                        2
   c - Gell's Gravitas                Hexes/Translocation          3
   d - Inner Flame                    Hexes/Fire                   3
   e - Cause Fear                     Hexes                        4
   f - Leda's Liquefaction            Hexes/Earth                  4
 z - a book of Unlife

   Spells                             Type                      Level
   a - Recall                         Summoning/Translocation      3
   b - Animate Dead                   Necromancy                   4
   c - Control Undead                 Necromancy                   4
   d - Cigotuvi's Embrace             Necromancy                   5
   e - Death Channel                  Necromancy                   6
   f - Simulacrum                     Ice/Necromancy               6
 E - a book of Battle

   Spells                             Type                      Level
   a - Infusion                       Charms                       1
   b - Shroud of Golubria             Charms/Translocation         2
   c - Song of Slaying                Charms                       2
   d - Spectral Weapon                Hexes/Charms                 3
   e - Regeneration                   Charms/Necromancy            3
 X - a book of the Sky

   Spells                             Type                      Level
   a - Summon Lightning Spire         Summoning/Air                4
   b - Airstrike                      Air                          4
   c - Silence                        Hexes/Air                    5
   d - Deflect Missiles               Charms/Air                   6
   e - Conjure Ball Lightning         Conjuration/Air              6
   f - Tornado                        Air                          9
Comestibles
 c - 6 bread rations
 k - 8 chunks of flesh
 s - 2 meat rations
 P - 10 royal jellies


   Skills:
 - Level 2.0 Fighting
 + Level 2.2 Maces & Flails
 - Level 1.5 Dodging
 - Level 4.0 Stealth
 - Level 1.0 Unarmed Combat
 + Level 8.4 Spellcasting
 + Level 7.5 Conjurations
 - Level 2.6 Hexes
 - Level 4.0 Charms
 - Level 1.0 Necromancy
 - Level 3.0 Translocations
 * Level 8.0 Air Magic
 - Level 3.0 Invocations


You had 5 spell levels left.
You knew the following spells:

 Your Spells              Type           Power        Failure   Level  Hunger
a - Shock                 Conj/Air       ####         1%          1    None
b - Swiftness             Chrm/Air       ####....     1%          2    None
c - Repel Missiles        Chrm/Air       ####..       1%          2    None
d - Static Discharge      Conj/Air       #####...     1%          3    None
e - Slow                  Hex            ###.....     6%          2    None
f - Shroud of Golubria    Chrm/Tloc      ###.......   3%          2    None
g - Lightning Bolt        Conj/Air       #####.....   14%         5    #####..
h - Regeneration          Chrm/Necr      ###.......   12%         3    None


Dungeon Overview and Level Annotations

Branches:
Dungeon (10/15)            Temple (1/1) D:4            Lair (0/8) D:9
    Orc (0/2) D:9

Altars:
Ashenzari
Cheibriados
Dithmenos
Elyvilon
Fedhas
Gozag
Kikubaaqudgha
Makhleb
Nemelex Xobeh
Okawaru
Pakellas
Qazlal
Ru
Sif Muna
Trog
Vehumet
Xom
Yredelemnul
Zin
The Shining One

Shops:
D:10 (

Annotations:
D:1 exclusion: downstairs
D:2 exclusion: downstairs
D:8 exclusion: downstairs


Innate Abilities, Weirdness & Mutations

You have razor-sharp teeth.
You heal very quickly.
When hurt, damage is shared between your health and your magic reserves.
Your bite disrupts and absorbs the magic of your enemies.
Potions and wands cannot restore your health.
You are immune to rotting.


Message History

The orc warrior hits you with a hand axe!
Casting: Shroud of Golubria
Confirm with . or Enter, or press ? or * to list all spells.
Space distorts slightly along a thin shroud covering your body.
The orc warrior hits you with a hand axe!!
* * * LOW HITPOINT WARNING * * *
Your shroud falls apart!
Casting: Shroud of Golubria
Confirm with . or Enter, or press ? or * to list all spells.
Okay, then.
You channel some magical energy.
You feel somewhat more hungry.
The orc warrior hits you with a hand axe!
* * * LOW HITPOINT WARNING * * *
Zapping:
O - a wand of disintegration {zapped: 3} (will waste charges)
Press: ? - help, Shift-Dir - straight line, f - orc warrior
Aim: an orc warrior, wielding a hand axe and wearing a chain mail (moderately wounded, chance to defeat MR: 65%)
The orc warrior struggles to resist.
Evoking this partially-identified wand wasted a few charges.
The orc warrior hits you with a hand axe!
You die...

##.....∩........##.#####
######.........##.#
#...###### #. #.#.#
#..># #...# ##.## ###
##.## .....###@..###
......)o.....#
.......#........
.......###.#.##.#
....<.. .#.# # ..:....
.# # ..#..#. ## . ...#.
......


You could see an orc warrior.

Vanquished Creatures
  A two-headed ogre (D:9)
  A troll (D:9)
  Prince Ribbit (D:5)
  Eustachio (D:6)
  2 hippogriffs (D:7)
  2 hungry ghosts
  A black bear (D:9)
  3 ice beasts
  4 orc warriors
  2 necrophages (D:7)
  A phantom (D:7)
  A wasp (D:8)
  5 ogres
  4 centaurs
  2 big kobolds (D:9)
  6 giant frogs
  A scorpion (D:6)
  2 giant frog zombies
  A centaur zombie (D:9)
  8 hounds
  5 jellies
  2 quasits
  Crazy Yiuf (D:6)
  4 iguanas
  7 orc priests
  A centaur skeleton (D:8)
  3 giant frog skeletons
  Jessica (D:3)
  11 orc wizards
  6 worker ants
  A hound zombie (D:9)
  A worker ant zombie (D:8)
  4 gnolls
  5 adders
  2 shadow imps
  6 oozes
  A worm (D:3)
  4 dart slugs
  4 giant geckos
  34 orcs
  2 ball pythons
  7 giant cockroaches
  7 goblins
  6 hobgoblins
  10 jackals
  11 kobolds
  10 bats
  A giant gecko skeleton (D:7)
  16 giant newts
  6 rats
  A bush (D:6)
229 creatures vanquished.

Vanquished Creatures (others)
  Joseph (D:7)
1 creature vanquished.

Grand Total: 230 creatures vanquished

Notes
Turn   | Place    | Note
--------------------------------------------------------------
     0 | D:1      | Krovax5 the Vine Stalker Air Elementalist began the quest for the Orb.
     0 | D:1      | Reached XP level 1. HP: 9/9 MP: 4/4
   275 | D:1      | Reached XP level 2. HP: 13/13 MP: 0/6
   329 | D:1      | Learned a level 2 spell: Swiftness
   843 | D:1      | Reached XP level 3. HP: 16/16 MP: 2/8
  1855 | D:1      | Reached XP level 4. HP: 20/21 MP: 9/9
  2402 | D:3      | Learned a level 2 spell: Repel Missiles
  2406 | D:3      | Learned a level 3 spell: Static Discharge
  2440 | D:3      | Noticed Jessica
  2442 | D:3      | Killed Jessica
  2442 | D:3      | Reached XP level 5. HP: 24/24 MP: 11/11
  2595 | D:3      | Found a shadowy altar of Dithmenos.
  3505 | D:4      | Gained mutation: You heal very quickly. [Vine Stalker growth]
  3505 | D:4      | Reached XP level 6. HP: 28/28 MP: 13/13
  3902 | D:4      | Reached skill level 1 in Charms
  3930 | D:4      | Found a staircase to the Ecumenical Temple.
  3993 | Temple   | Entered the Ecumenical Temple
  4268 | Temple   | Became a worshipper of Sif Muna the Loreminder
  4598 | D:5      | Entered Level 5 of the Dungeon
  4717 | D:5      | Found an iron altar of Okawaru.
  5010 | D:5      | Found a radiant altar of Vehumet.
  5010 | D:5      | Noticed Prince Ribbit
  5294 | D:5      | Killed Prince Ribbit
  5294 | D:5      | Reached skill level 1 in Fighting
  5294 | D:5      | Reached XP level 7. HP: 18/33 MP: 1/15
  5329 | D:5      | Reached * piety under Sif Muna
  5722 | D:6      | Learned a level 2 spell: Slow
  5834 | D:6      | Noticed Crazy Yiuf
  5843 | D:6      | Killed Crazy Yiuf
  5960 | D:6      | Reached skill level 1 in Hexes
  6121 | D:6      | Reached skill level 5 in Spellcasting
  6129 | D:6      | Gained mutation: You have razor-sharp teeth. [Vine Stalker growth]
  6129 | D:6      | Reached XP level 8. HP: 39/39 MP: 9/16
  6169 | D:6      | Learned a level 2 spell: Shroud of Golubria
  6210 | D:6      | Noticed Eustachio
  6280 | D:6      | Reached skill level 1 in Translocations
  6312 | D:6      | Killed Eustachio
  6312 | D:6      | Reached skill level 1 in Unarmed Combat
  6523 | D:6      | Found a basalt altar of Yredelemnul.
  6525 | D:6      | Found a sparkling altar of Nemelex Xobeh.
  6525 | D:6      | Found a radiant altar of Vehumet.
  7075 | D:7      | Noticed Joseph
  7114 | D:7      | Reached ** piety under Sif Muna
  7114 | D:7      | Reached skill level 5 in Air Magic
  7157 | D:7      | Reached skill level 5 in Conjurations
  7161 | D:7      | Reached XP level 9. HP: 38/42 MP: 14/18
  7276 | D:7      | Reached *** piety under Sif Muna
  7439 | D:8      | Reached skill level 1 in Invocations
  7535 | D:8      | Found a sacrificial altar of Ru.
  7692 | D:8      | Found a shimmering altar of Xom.
  8346 | D:8      | Learned a level 5 spell: Lightning Bolt
  8387 | D:8      | Reached **** piety under Sif Muna
  8594 | D:8      | Found an oddly glowing altar of Pakellas.
  8877 | D:8      | Learned a level 3 spell: Regeneration
  8976 | D:7      | Reached XP level 10. HP: 46/46 MP: 14/22
  9372 | D:7      | Reached skill level 1 in Necromancy
  9769 | D:7      | Killed Joseph
  9769 | D:7      | Reached ***** piety under Sif Muna
 10088 | D:9      | Found a staircase to the Orcish Mines.
 10312 | D:8      | Reached skill level 1 in Maces & Flails
 10430 | D:9      | HP: 2/46 [troll (12)]
 11285 | D:9      | Found a staircase to the Lair.
 11514 | D:10     | Entered Level 10 of the Dungeon
 11530 | D:10     | Got a bone long sword
 11531 | D:10     | Identified the +8 long sword "Elirch" {pain, -Tele Str+7 Int+3 Dex+3} (You found it on level 10 of the Dungeon)
 11551 | D:10     | Found Ekhotim's Weapon Shop.
 11740 | D:10     | Slain by an orc warrior

Skill      XL: |  1  2  3  4  5  6  7  8  9 10 |
---------------+-------------------------------+-----
Stealth        | 3 4 |  4.0
Spellcasting   | 3 4 5 7 8 |  8.4
Conjurations   | 2 3 4 5 6 7 |  7.5
Charms         | 2 3 4 |  4.0
Air Magic      | 4 5 6 8 |  8.0
Fighting       | 1 2 |  2.0
Hexes          | 1 2 |  2.6
Translocations | 2 3 |  3.0
Unarmed Combat | 1 |  1.0
Invocations    | 2 3 |  3.0
Necromancy     | 1 |  1.0
Maces & Flails | 2 |  2.2
Dodging        | |  1.5

Action                   |  1- 3 |  4- 6 |  7- 9 | 10-12 || total
-------------------------+-------+-------+-------+-------++-------
Melee: Dagger            |    49 |    80 |   169 |       ||   298
       Bite              |    10 |    18 |   108 |    19 ||   155
       Mace              |       |       |    86 |    74 ||   160
       Punch             |       |       |     2 |       ||     2
 Cast: Shock             |    72 |    68 |   213 |   103 ||   456
       Static Discharge  |       |     3 |    11 |    22 ||    36
       Swiftness         |       |     1 |     1 |     2 ||     4
       Repel Missiles    |       |       |     4 |     1 ||     5
       Shroud of Golubri |       |       |     8 |    13 ||    21
       Slow              |       |       |    13 |     8 ||    21
       Lightning Bolt    |       |       |       |     6 ||     6
       Regeneration      |       |       |       |     5 ||     5
Invok: Channel Energy    |       |       |       |     4 ||     4
Evoke: Wand              |       |       |       |     2 ||     2
  Use: Scroll            |       |    10 |     6 |     8 ||    24
 Stab: Sleeping          |     3 |     8 |     4 |     1 ||    16
       Distracted        |       |       |     1 |       ||     1
  Eat: Chunk             |     3 |    10 |     8 |     8 ||    29
       Fruit             |       |     1 |     2 |       ||     3
       Meat ration       |       |       |     2 |       ||     2
       Beef jerky        |       |       |     1 |     2 ||     3
       Bread ration      |       |       |     1 |       ||     1
Armor: Robe              |    20 |    27 |   106 |    36 ||   189
Dodge: Dodged            |    44 |    73 |   153 |    83 ||   353
       Deflected         |       |       |     5 |     5 ||    10
Block: Other             |     2 |    10 |    47 |    23 ||    82
       Reflection        |       |       |       |     4 ||     4
